[ AOE2 MATCH · #479730305 ]
UnrankedJapanese vs Persians
[ REPLAY ANALYSIS · EXTRACTED FROM THE RECORDED GAME ]
Feudal
13:03
Castle
20:54
Imperial
—
| APM avg | 9.7 |
| APM peak | 28 |
| eAPM avg | 8.1 |
| Villagers / military | 43 / 26 |
Focus
⚔️ 23.1% · 🌾 76.9%
Militia ×16 · Scout Cavalry ×10 · Trade Cart ×8
Feudal
—
Castle
—
Imperial
—
| APM avg | 9.2 |
| APM peak | 57 |
| eAPM avg | 3.2 |
| Villagers / military | 31 / 0 |
Focus
⚔️ 10.9% · 🌾 89.1%
Feudal
15:12
Castle
24:07
Imperial
—
| APM avg | 16.2 |
| APM peak | 34 |
| eAPM avg | 9.2 |
| Villagers / military | 47 / 11 |
Focus
⚔️ 11.7% · 🌾 88.3%
Militia ×4 · Scout Cavalry ×3 · Spearman ×2 · Knight ×1 · Battering Ram ×1
Feudal
—
Castle
—
Imperial
—
| APM avg | 2.8 |
| APM peak | 35 |
| eAPM avg | 2.1 |
| Villagers / military | 9 / 0 |
Focus
⚔️ 13.3% · 🌾 86.7%
Feudal
—
Castle
—
Imperial
—
| APM avg | 1.8 |
| APM peak | 19 |
| eAPM avg | 0.8 |
| Villagers / military | 12 / 0 |
Focus
⚔️ 12.5% · 🌾 87.5%
Feudal
13:28
Castle
18:50
Imperial
—
| APM avg | 16.8 |
| APM peak | 66 |
| eAPM avg | 8.7 |
| Villagers / military | 59 / 24 |
Focus
⚔️ 17.5% · 🌾 82.5%
Scout Cavalry ×9 · Petard ×8 · Knight ×7 · Trade Cart ×1
Match map
Initial resources + every placement click. Lines = walls · curves = elevation contours. ◆ gold · ⬟ stone · ● berries · ✦ relic · ◌ wall gap
Your base· ✓ Closed at 20:54 · 0t walls · no gate
PoisonSoup91's base· Open — opponent sealed themselves in
ButterMyHead's base· ✓ Closed at 24:07 · 27t walls · no gate
WhaleFinance's base· Open — opponent sealed themselves in
abraham-magallanes's base· Open — opponent sealed themselves in
Kim-Jong-Kill's base· ✓ Closed at 18:50 · 9t walls · 1 gate(s)
Smoothed initial terrain · ◌ = detected wall gap · hover for details
Inputs per minute
— Jeanne d'Arc - - PoisonSoup91
Build order — Jeanne d'Arc
123 actions detected in the replay
| 0:01 | Create | Villager (Male) |
| 0:01 | Create | Villager (Male) |
| 0:01 | Create | Villager (Male) |
| 0:02 | Create | Villager (Male) |
| 0:02 | Create | Villager (Male) |
| 0:04 | Build | House |
| 0:05 | Build | House |
| 0:07 | Build | House |
| 1:35 | Create | Villager (Male) |
| 2:01 | Create | Villager (Male) |
| 2:37 | Create | Villager (Male) |
| 2:37 | Create | Villager (Male) |
| 2:54 | Create | Villager (Male) |
| 3:08 | Create | Villager (Male) |
| 3:39 | Create | Villager (Male) |
| 3:40 | Create | Villager (Male) |
| 3:50 | Create | Villager (Male) |
| 3:50 | Create | Villager (Male) |
| 3:57 | Build | Lumber Camp |
| 4:04 | Research | Loom |
| 4:19 | Create | Villager (Male) |
| 4:19 | Create | Villager (Male) |
| 4:20 | Create | Villager (Male) |
| 4:34 | Build | Mill |
| 4:53 | Create | Villager (Male) |
| 4:53 | Create | Villager (Male) |
| 6:07 | Build | Mill |
| 6:21 | Build | House |
| 6:23 | Build | House |
| 6:25 | Create | Villager (Male) |
| 6:25 | Create | Villager (Male) |
| 7:04 | Create | Villager (Male) |
| 7:05 | Create | Villager (Male) |
| 7:26 | Build | Mill |
| 7:33 | Create | Villager (Male) |
| 7:33 | Create | Villager (Male) |
| 7:34 | Create | Villager (Male) |
| 7:34 | Create | Villager (Male) |
| 8:07 | Create | Villager (Male) |
| 8:30 | Create | Villager (Male) |
| 9:02 | Create | Villager (Male) |
| 9:19 | Build | Mining Camp |
| 9:47 | Build | Barracks |
| 9:57 | Create | Villager (Male) |
| 10:27 | Build | Mining Camp |
| 10:36 | Research | Feudal Age |
| 11:00 | Build | House |
| 11:27 | Create | Villager (Male) |
| 11:27 | Create | Villager (Male) |
| 11:40 | Create | Villager (Male) |
| 11:40 | Create | Villager (Male) |
| 12:08 | Create | Villager (Male) |
| 12:22 | Build | Lumber Camp |
| 12:26 | Create | Militia |
| 12:26 | Create | Militia |
| 12:26 | Create | Militia |
| 12:27 | Create | Militia |
| 12:27 | Create | Militia |
| 12:50 | Create | Villager (Male) |
| 13:03 | Age | Feudal Age |
| 13:44 | Research | Man-at-Arms (upgrade) |
| 13:59 | Build | House |
| 14:00 | Build | House |
| 14:01 | Build | House |
| 14:02 | Create | Villager (Male) |
| 14:30 | Create | Villager (Male) |
| 15:22 | Create | Villager (Male) |
| 15:30 | Build | Mill |
| 15:47 | Build | Market |
| 15:50 | Create | Villager (Male) |
| 16:25 | Create | Villager (Male) |
| 16:33 | Build | Blacksmith |
| 17:30 | Build | Farm |
| 17:47 | Build | Farm |
| 18:00 | Research | Castle Age |
| 18:07 | Build | Lumber Camp |
| 18:13 | Build | Farm |
| 18:18 | Build | Farm |
| 20:54 | Age | Castle Age |
| 20:57 | Build | Siege Workshop |
| 21:18 | Research | Long Swordsman (upgrade) |
| 21:19 | Research | Gambesons |
| 21:19 | Create | Militia |
| 21:19 | Create | Militia |
| 21:20 | Create | Militia |
| 21:54 | Build | Stable |
| 21:55 | Build | Stable |
| 22:54 | Create | Scout Cavalry |
| 22:54 | Create | Scout Cavalry |
| 22:56 | Create | Scout Cavalry |
| 23:00 | Create | Trade Cart |
| 23:00 | Create | Trade Cart |
| 23:00 | Create | Trade Cart |
| 23:01 | Create | Trade Cart |
| 23:01 | Create | Trade Cart |
| 23:01 | Create | Trade Cart |
| 23:01 | Create | Trade Cart |
| 23:02 | Create | Trade Cart |
| 23:09 | Create | Scout Cavalry |
| 23:10 | Create | Scout Cavalry |
| 23:10 | Create | Scout Cavalry |
| 23:10 | Create | Scout Cavalry |
| 23:10 | Create | Scout Cavalry |
| 23:50 | Build | Stable |
| 24:55 | Build | House |
| 24:56 | Build | House |
| 24:56 | Build | House |
| 25:19 | Create | Scout Cavalry |
| 25:20 | Create | Scout Cavalry |
| 26:41 | Build | House |
| 26:42 | Build | House |
| 27:43 | Build | Farm |
| 27:47 | Build | House |
| 27:47 | Build | House |
| 28:46 | Build | Siege Workshop |
| 28:52 | Create | Militia |
| 28:52 | Create | Militia |
| 28:52 | Create | Militia |
| 28:53 | Create | Militia |
| 28:53 | Create | Militia |
| 28:53 | Create | Militia |
| 28:53 | Create | Militia |
| 28:54 | Create | Militia |
Build order — PoisonSoup91
35 actions detected in the replay
| 2:53 | Create | Villager (Male) |
| 2:53 | Create | Villager (Male) |
| 2:53 | Create | Villager (Male) |
| 2:53 | Create | Villager (Male) |
| 2:53 | Create | Villager (Male) |
| 2:53 | Create | Villager (Male) |
| 2:53 | Create | Villager (Male) |
| 2:53 | Create | Villager (Male) |
| 2:53 | Create | Villager (Male) |
| 2:53 | Create | Villager (Male) |
| 2:53 | Create | Villager (Male) |
| 2:53 | Create | Villager (Male) |
| 2:54 | Create | Villager (Male) |
| 2:54 | Create | Villager (Male) |
| 2:54 | Create | Villager (Male) |
| 2:54 | Create | Villager (Male) |
| 3:00 | Build | House |
| 3:01 | Build | House |
| 3:06 | Build | House |
| 5:36 | Research | Loom |
| 6:39 | Create | Villager (Male) |
| 6:39 | Create | Villager (Male) |
| 6:39 | Create | Villager (Male) |
| 8:31 | Create | Villager (Male) |
| 14:40 | Create | Villager (Male) |
| 14:40 | Create | Villager (Male) |
| 14:40 | Create | Villager (Male) |
| 15:49 | Create | Villager (Male) |
| 21:26 | Create | Villager (Male) |
| 21:26 | Create | Villager (Male) |
| 21:26 | Create | Villager (Male) |
| 21:26 | Create | Villager (Male) |
| 21:27 | Create | Villager (Male) |
| 21:27 | Create | Villager (Male) |
| 21:27 | Create | Villager (Male) |
Build order — ButterMyHead
108 actions detected in the replay
| 0:01 | Create | Villager (Male) |
| 0:01 | Create | Villager (Male) |
| 0:02 | Create | Villager (Male) |
| 0:02 | Research | Loom |
| 0:06 | Build | House |
| 0:07 | Build | House |
| 0:22 | Create | Villager (Male) |
| 0:22 | Create | Villager (Male) |
| 0:22 | Create | Villager (Male) |
| 0:22 | Create | Villager (Male) |
| 0:39 | Build | Palisade Wall |
| 1:03 | Build | Palisade Wall |
| 2:07 | Build | Palisade Wall |
| 2:33 | Build | House |
| 2:35 | Build | House |
| 2:37 | Build | House |
| 2:52 | Build | Palisade Wall |
| 3:03 | Create | Villager (Male) |
| 3:03 | Create | Villager (Male) |
| 3:47 | Create | Villager (Male) |
| 4:45 | Create | Villager (Male) |
| 4:56 | Create | Villager (Male) |
| 5:32 | Create | Villager (Male) |
| 5:49 | Create | Villager (Male) |
| 6:13 | Create | Villager (Male) |
| 6:13 | Create | Villager (Male) |
| 6:34 | Build | Lumber Camp |
| 6:58 | Create | Villager (Male) |
| 7:20 | Create | Villager (Male) |
| 7:49 | Create | Villager (Male) |
| 7:49 | Create | Villager (Male) |
| 8:15 | Build | Mill |
| 8:21 | Create | Villager (Male) |
| 8:21 | Create | Villager (Male) |
| 8:40 | Create | Villager (Male) |
| 9:04 | Create | Villager (Male) |
| 9:04 | Create | Villager (Male) |
| 9:08 | Create | Villager (Male) |
| 9:13 | Create | Villager (Male) |
| 9:23 | Build | Barracks |
| 10:22 | Build | Mill |
| 11:05 | Create | Villager (Male) |
| 11:12 | Create | Militia |
| 11:25 | Create | Villager (Male) |
| 11:49 | Build | House |
| 11:50 | Build | House |
| 11:52 | Build | House |
| 11:54 | Create | Villager (Male) |
| 12:21 | Create | Villager (Male) |
| 12:39 | Build | Lumber Camp |
| 12:41 | Create | Villager (Male) |
| 13:07 | Research | Feudal Age |
| 14:02 | Create | Militia |
| 14:29 | Build | Farm |
| 14:31 | Build | Farm |
| 14:33 | Build | Farm |
| 14:34 | Build | Farm |
| 14:36 | Build | Farm |
| 14:43 | Create | Villager (Male) |
| 14:44 | Create | Villager (Male) |
| 15:03 | Build | Mining Camp |
| 15:12 | Age | Feudal Age |
| 15:50 | Build | Stable |
| 16:26 | Create | Scout Cavalry |
| 16:26 | Create | Scout Cavalry |
| 16:41 | Create | Spearman |
| 16:41 | Create | Militia |
| 16:44 | Create | Militia |
| 16:44 | Create | Spearman |
| 16:54 | Build | Farm |
| 16:55 | Build | Farm |
| 16:57 | Build | Farm |
| 16:58 | Build | Farm |
| 16:59 | Build | Farm |
| 17:01 | Build | Farm |
| 17:03 | Research | Town Watch |
| 17:13 | Create | Villager (Male) |
| 17:13 | Create | Villager (Male) |
| 18:17 | Build | Mining Camp |
| 18:25 | Build | Mill |
| 18:34 | Build | Farm |
| 18:36 | Build | Farm |
| 18:42 | Build | Farm |
| 18:44 | Build | Farm |
| 20:56 | Build | Blacksmith |
| 20:59 | Build | Market |
| 21:42 | Research | Castle Age |
| 24:07 | Age | Castle Age |
| 24:33 | Create | Scout Cavalry |
| 24:33 | Create | Knight |
| 25:27 | Build | House |
| 25:28 | Build | House |
| 25:29 | Build | House |
| 25:30 | Build | House |
| 28:17 | Build | Siege Workshop |
| 28:46 | Create | Villager (Male) |
| 28:46 | Create | Villager (Male) |
| 28:46 | Create | Villager (Male) |
| 28:47 | Create | Villager (Male) |
| 28:47 | Create | Villager (Male) |
| 28:48 | Create | Villager (Male) |
| 29:07 | Build | Castle |
| 29:27 | Create | Battering Ram |
| 29:32 | Create | Villager (Male) |
| 29:32 | Create | Villager (Male) |
| 29:32 | Create | Villager (Male) |
| 29:33 | Create | Villager (Male) |
| 29:33 | Create | Villager (Male) |
Build order — WhaleFinance
13 actions detected in the replay
| 0:04 | Build | House |
| 0:06 | Build | House |
| 0:06 | Create | Villager (Male) |
| 0:06 | Create | Villager (Male) |
| 0:07 | Create | Villager (Male) |
| 0:07 | Create | Villager (Male) |
| 0:25 | Research | Loom |
| 0:48 | Create | Villager (Male) |
| 0:48 | Create | Villager (Male) |
| 0:48 | Create | Villager (Male) |
| 1:34 | Build | Palisade Wall |
| 2:31 | Create | Villager (Male) |
| 2:32 | Create | Villager (Male) |
Build order — abraham-magallanes
10 actions detected in the replay
| 0:07 | Build | House |
| 0:14 | Build | House |
| 0:19 | Create | Villager (Male) ×4 |
| 0:19 | Create | Villager (Male) ×4 |
| 0:38 | Build | Palisade Wall |
| 1:39 | Build | Palisade Gate |
| 2:03 | Create | Villager (Male) |
| 2:03 | Create | Villager (Male) |
| 2:38 | Create | Villager (Male) |
| 2:38 | Create | Villager (Male) |
Build order — Kim-Jong-Kill
141 actions detected in the replay
| 0:01 | Create | Villager (Male) |
| 0:01 | Create | Villager (Male) |
| 0:02 | Create | Villager (Male) |
| 0:02 | Create | Villager (Male) |
| 0:03 | Build | House |
| 0:05 | Build | House |
| 0:21 | Research | Loom |
| 0:22 | Create | Villager (Male) |
| 0:22 | Create | Villager (Male) |
| 0:22 | Create | Villager (Male) |
| 1:33 | Build | Palisade Wall |
| 1:57 | Create | Villager (Male) |
| 1:57 | Create | Villager (Male) |
| 2:32 | Create | Villager (Male) |
| 2:32 | Create | Villager (Male) |
| 2:32 | Create | Villager (Male) |
| 2:38 | Build | House |
| 2:54 | Create | Villager (Male) |
| 2:54 | Create | Villager (Male) |
| 3:10 | Build | Lumber Camp |
| 3:25 | Create | Villager (Male) |
| 3:25 | Create | Villager (Male) |
| 3:42 | Create | Villager (Male) |
| 3:42 | Create | Villager (Male) |
| 4:13 | Create | Villager (Male) |
| 4:21 | Build | Palisade Gate |
| 5:00 | Create | Villager (Male) |
| 5:00 | Create | Villager (Male) |
| 5:01 | Create | Villager (Male) |
| 5:48 | Build | House |
| 6:03 | Create | Villager (Male) |
| 6:04 | Create | Villager (Male) |
| 6:33 | Create | Villager (Male) |
| 6:56 | Create | Villager (Male) |
| 6:56 | Create | Villager (Male) |
| 6:56 | Create | Villager (Male) |
| 6:56 | Create | Villager (Male) |
| 7:31 | Build | Mill |
| 7:34 | Create | Villager (Male) |
| 8:16 | Build | Mining Camp |
| 8:20 | Create | Villager (Male) |
| 8:31 | Build | House |
| 8:32 | Build | House |
| 8:43 | Create | Villager (Male) |
| 8:43 | Create | Villager (Male) |
| 9:01 | Build | Mill |
| 9:25 | Create | Villager (Male) |
| 9:32 | Build | Farm |
| 9:48 | Build | Farm |
| 9:51 | Build | Farm |
| 10:06 | Create | Villager (Male) |
| 10:19 | Build | Farm |
| 10:38 | Build | Farm |
| 10:42 | Create | Villager (Male) |
| 11:18 | Research | Feudal Age |
| 11:48 | Create | Villager (Male) |
| 11:48 | Create | Villager (Male) |
| 12:20 | Build | Mining Camp |
| 13:28 | Age | Feudal Age |
| 13:58 | Create | Villager (Male) |
| 13:58 | Create | Villager (Male) |
| 13:58 | Create | Villager (Male) |
| 14:27 | Build | Farm |
| 14:29 | Build | Farm |
| 14:52 | Build | Market |
| 14:58 | Build | Blacksmith |
| 15:09 | Build | Barracks |
| 15:13 | Create | Villager (Male) |
| 15:50 | Build | House |
| 15:52 | Build | House |
| 15:53 | Build | House |
| 16:10 | Research | Castle Age |
| 16:54 | Build | Stable |
| 17:19 | Create | Villager (Male) |
| 17:20 | Create | Villager (Male) |
| 17:33 | Build | House |
| 17:34 | Build | House |
| 17:49 | Create | Scout Cavalry |
| 17:49 | Create | Scout Cavalry |
| 17:50 | Create | Scout Cavalry |
| 17:50 | Create | Scout Cavalry |
| 18:36 | Build | House |
| 18:40 | Create | Scout Cavalry |
| 18:40 | Create | Scout Cavalry |
| 18:50 | Age | Castle Age |
| 18:56 | Build | Castle |
| 20:24 | Research | Husbandry |
| 20:54 | Build | Town Center |
| 21:05 | Create | Villager (Male) |
| 21:06 | Create | Villager (Male) |
| 21:21 | Create | Petard |
| 21:22 | Create | Petard |
| 21:40 | Create | Knight |
| 21:41 | Create | Knight |
| 21:41 | Create | Knight |
| 21:41 | Create | Knight |
| 22:14 | Create | Villager (Male) |
| 22:14 | Create | Villager (Male) |
| 22:14 | Create | Villager (Male) |
| 23:04 | Build | House |
| 23:07 | Create | Villager (Male) |
| 23:07 | Create | Villager (Male) |
| 23:07 | Create | Villager (Male) |
| 23:14 | Create | Knight |
| 23:14 | Create | Knight |
| 23:14 | Create | Knight |
| 23:54 | Create | Villager (Male) |
| 23:54 | Create | Villager (Male) |
| 23:54 | Create | Villager (Male) |
| 24:06 | Create | Villager (Male) |
| 24:07 | Create | Villager (Male) |
| 25:42 | Research | Town Watch |
| 26:06 | Build | Castle |
| 26:12 | Research | Light Cavalry (upgrade) |
| 26:13 | Create | Scout Cavalry |
| 26:13 | Create | Scout Cavalry |
| 26:13 | Create | Scout Cavalry |
| 26:42 | Build | Farm |
| 26:45 | Build | Farm |
| 26:48 | Build | Farm |
| 26:50 | Build | Farm |
| 26:52 | Build | Farm |
| 26:55 | Build | Farm |
| 27:00 | Build | Farm |
| 27:03 | Build | Farm |
| 27:18 | Build | Siege Workshop |
| 27:23 | Build | University |
| 27:26 | Create | Villager (Male) |
| 27:26 | Create | Villager (Male) |
| 27:38 | Create | Trade Cart |
| 27:42 | Research | Imperial Age |
| 27:47 | Build | Farm |
| 27:55 | Build | Farm |
| 28:54 | Create | Petard |
| 28:54 | Create | Petard |
| 28:55 | Create | Petard |
| 28:59 | Create | Petard |
| 28:59 | Create | Petard |
| 29:00 | Create | Petard |
| 29:09 | Build | House |
| 29:10 | Build | House |
Match timeline
| 0:38 | abraham-magallanes · wall_segment Palisade Wall x13 |
| 0:39 | ButterMyHead · wall_segment Palisade Wall x8 |
| 1:03 | ButterMyHead · wall_segment Palisade Wall x7 |
| 1:33 | Kim-Jong-Kill · wall_segment Palisade Wall x9 |
| 1:34 | WhaleFinance · wall_segment Palisade Wall x22 |
| 2:07 | ButterMyHead · wall_segment Palisade Wall x10 |
| 2:52 | ButterMyHead · wall_segment Palisade Wall x2 |
| 3:12 | WhaleFinance · resign |
| 9:23 | ButterMyHead · first_building Barracks |
| 9:47 | Jeanne d'Arc · first_building Barracks |
| 13:03 | Jeanne d'Arc · age_up feudal |
| 13:28 | Kim-Jong-Kill · age_up feudal |
| 15:09 | Kim-Jong-Kill · first_building Barracks |
| 15:12 | ButterMyHead · age_up feudal |
| 15:50 | ButterMyHead · first_building Stable |
| 16:01 | Kim-Jong-Kill · first_market_buy 100 food |
| 16:04 | Kim-Jong-Kill · first_market_sell 100 stone |
| 16:54 | Kim-Jong-Kill · first_building Stable |
| 17:57 | Jeanne d'Arc · first_market_buy 100 food |
| 18:50 | Kim-Jong-Kill · age_up castle |
| 18:56 | Kim-Jong-Kill · first_building Castle |
| 20:54 | Jeanne d'Arc · age_up castle |
| 20:57 | Jeanne d'Arc · first_building Siege Workshop |
| 21:54 | Jeanne d'Arc · first_building Stable |
| 24:07 | ButterMyHead · age_up castle |
| 27:02 | Jeanne d'Arc · tribute_sent a jugador 1 |
| 27:02 | Jeanne d'Arc · tribute_sent a jugador 2 |
| 27:02 | Jeanne d'Arc · tribute_sent a jugador 3 |
| 27:02 | Jeanne d'Arc · tribute_sent a jugador 5 |
| 27:02 | Jeanne d'Arc · tribute_sent a jugador 6 |
| 27:17 | Jeanne d'Arc · tribute_sent a jugador 1 |
| 27:17 | Jeanne d'Arc · tribute_sent a jugador 2 |
| 27:17 | Jeanne d'Arc · tribute_sent a jugador 3 |
| 27:17 | Jeanne d'Arc · tribute_sent a jugador 5 |
| 27:17 | Jeanne d'Arc · tribute_sent a jugador 6 |
| 27:18 | Kim-Jong-Kill · first_building Siege Workshop |
| 28:17 | ButterMyHead · first_building Siege Workshop |
| 29:07 | ButterMyHead · first_building Castle |
| 29:25 | ButterMyHead · first_market_buy 100 wood |
| 29:26 | ButterMyHead · first_market_sell 100 food |
[ AI ANALYSIS · 1 CREDIT ]
What really happened in this match?
Wolo.gg analyzes every decision: build order, eco, micro, common mistakes by bracket. Personalized analysis on WhatsApp or Discord in 30 seconds.
Civ guide
Japanese
Perfil
Jugador #13468086